AoeStats
← kleomu

Arabia

506997704Analyzed
1v1 RM · 16d ago on Sep 16, 2026· 31m 48s· 2 players
Game mode
Random Map
Map size
Tiny (2 player)
Population
200
Speed
Normal
Resources
Standard
Victory
Conquest
Starting age
Dark Age
Ending age
Imperial Age
RankedLock teamsTeams togetherTeam positionsShared explorationLock speedFull tech treeHidden civsTurbo modeCheats
Victory
Defeat
🇨🇴 Persians · Colombia
1553
+12
🇹🇷 Jurchens · Türkiye
1465
-12
kleomu
5:57 Loom
9:39 Feudal Age
30:10 Fletching
NuMa | JavierFarfan
2:06 Loom
22:44 Feudal Age
23:18 Double-Bit Axe
25:40 Town Watch
30:42 Fletching
Connection lost

Rejoining the realm…

Still unreachable

The connection could not be restored.

Session expired

The server has moved on; the page needs a fresh start.